AoeStats
← Fathandzzz

African Clearing

510380207Analyzed
2v2 RM · 20h ago on Sep 30, 2026· 33m 58s· 4 players
Game mode
Random Map
Map size
Medium (4 player)
Population
200
Speed
Normal
Resources
Standard
Victory
Conquest
Starting age
Dark Age
Ending age
Imperial Age
RankedLock teamsTeams togetherTeam positionsShared explorationLock speedFull tech treeHidden civsTurbo modeCheats
Victory
Defeat
🇺🇸 Cumans · United States
1148
+15
🇺🇸 Inca · United States
1148
+15
🇹🇼 Burgundians · Taiwan
1146
-16
🇧🇷 Britons · Brazil
1106
-14
DKT | BRESSAN
8:09 Loom
17:31 Feudal Age
29:55 Double-Bit Axe
31:37 Wheelbarrow
31:29 Gold Mining
marshonginn
3:20 Loom
10:48 Double-Bit Axe
15:48 Feudal Age
14:40 Horse Collar
17:56 Bow Saw
19:32 Wheelbarrow
18:54 Gold Mining
19:31 Heavy Plow
20:11 Gold Shaft Mining
22:08 Castle Age
20:25 Forging
21:27 Scale Barding Armor
22:04 Stone Mining
22:18 Cavalier
22:55 Town Watch
28:42 Scale Mail Armor
29:57 Squires
30:43 Husbandry
Fathandzzz
4:50 Loom
15:01 Feudal Age
15:21 Champi Runner
19:15 Scale Mail Armor
20:10 Arson
21:51 Forging
21:32 Fletching
27:45 Castle Age
27:55 Champi Warrior
28:37 Squires
30:09 Chain Mail Armor
33:32 Wheelbarrow
Killacammmmm461
8:24 Loom
13:27 Feudal Age
15:52 Double-Bit Axe
15:50 Horse Collar
18:33 Gold Mining
26:29 Castle Age
26:04 Scale Barding Armor
26:13 Forging
Connection lost

Rejoining the realm…

Still unreachable

The connection could not be restored.

Session expired

The server has moved on; the page needs a fresh start.